 Dungeon Crawl Stone Soup version 0.29-a0-330-g52719c12eb (webtiles) character file.

Game seed: 11852976289301478913

477 Aelig the Vexing (level 6, 0/33 HPs)
             Began as a Vampire Enchanter on May 13, 2022.
             Was an Initiate of Gozag.
             Slain by a troll (1 damage)
             ... on level 6 of the Dungeon.
             The game lasted 00:09:47 (3478 turns).

Aelig the Vexing (Vampire Enchanter)                Turns: 3478, Time: 00:09:48

Health: 0/33       AC:  3    Str:  7    XL:     6   Next: 85%
Magic:  3/11       EV: 12    Int: 20    God:    Gozag
Gold:   240        SH:  0    Dex: 14    Spells: 1/12 levels left

rFire   . . .      SeeInvis +   a - +1 dagger
rCold   + + .      Faith    .   (no shield)
rNeg    + + +      Spirit   .   b - +0 robe
rPois   ∞          Reflect  .   (no helmet)
rElec   .          Harm     .   s - +0 cloak
rCorr   .          Rampage  .   (no gloves)
Will    .....                   (no boots)
Stlth   +++++.....              (no amulet)
HPRegen 0.00/turn               (no ring)
MPRegen 0.12/turn               (no ring)

@: confusing by touch, bloodless, inhibited regen
A: bloodless, fangs 3, see invisible, vampiric 2
a: Bat Form, Revivify, Renounce Religion, Potion Petition, Call Merchant, Bribe
Branch


You were on level 6 of the Dungeon.
You worshipped Gozag.
Gozag was aware of your devotion.
You visited 1 branch of the dungeon, and saw 5 of its levels.

You collected 286 gold pieces.
You paid 46 gold pieces to Gozag.

Inventory:

Hand Weapons
 a - a +1 dagger (weapon)
Missiles
 e - 98 stones (quivered)
Armour
 b - a +0 robe (worn)
 s - a +0 cloak (worn)
Scrolls
 g - 2 scrolls of vulnerability
 h - a scroll of identify
 j - a scroll of fog {unknown}
 k - a scroll of amnesia {unknown}
 m - 2 scrolls of teleportation
 n - a scroll of acquirement {unknown}
 p - 3 scrolls of torment
 r - a scroll of fear {unknown}
Potions
 c - 3 potions of invisibility
 d - a potion of berserk rage {unknown}
 f - a potion of heal wounds
 i - 2 potions of curing {unknown}
 l - a potion of cancellation {unknown}
 o - 2 potions of brilliance
 q - a potion of magic {unknown}


   Skills:
 + Level 0.5 Fighting
 * Level 3.9 Short Blades
 - Level 2.1 Dodging
 - Level 4.4 Stealth
 + Level 3.6 Spellcasting
 + Level 0.3 Conjurations
 + Level 7.7 Hexes
 - Level 2.0 Ice Magic


You had one spell level left.
You knew the following spells:

 Your Spells              Type           Power      Damage    Failure   Level
a - Ensorcelled Hibernat  Hex/Ice        46%        N/A       2%          2
b - Confusing Touch       Hex            34%        N/A       1%          3
c - Tukima's Dance        Hex            34%        N/A       1%          3
d - Dazzling Flash        Conj/Hex       38%        N/A       8%          3

Your spell library contained the following spells:

 Spells                   Type           Power      Damage    Failure   Level
 Silence                  Hex/Air        9%         N/A       58%         5
 Agony                    Necr           3%         N/A       98%         5


Dungeon Overview and Level Annotations

Branches:
Dungeon (4/15)
 Temple: D:4-7

Altars:
Gozag
Ru

Annotations:
D:3 Sigmund


Innate Abilities, Weirdness & Mutations

You do not regenerate when monsters are visible.
You are frail without blood (-20% HP).
You can heal yourself when you bite living creatures.
You are immune to poison.
You have razor-sharp teeth.
You have supernaturally acute eyesight. (SInv)
You are afflicted with vampirism and can become a bat while bloodless.


Message History

Casting: Confusing Touch (safe; 1% risk of failure)
Confirm with . or Enter, or press ? or * to list all spells.
Aiming: Ensorcelled Hibernation (safe; 2% risk of failure)
Press: ? - help, Shift-Dir - straight line, f - troll
Aim: a troll (wandering, hasn't noticed you, chance to affect: 55%)
The troll shouts!
The troll resists with significant effort.
You hear a shout!
Casting: Ensorcelled Hibernation (safe; 2% risk of failure)
Confirm with . or Enter, or press ? or * to list all spells.
Aiming: Ensorcelled Hibernation (safe; 2% risk of failure)
Press: ? - help, Shift-Dir - straight line, f/p - troll
Aim: a troll (chance to affect: 55%)
The troll resists with significant effort.
Casting: Ensorcelled Hibernation (safe; 2% risk of failure)
Confirm with . or Enter, or press ? or * to list all spells.
Aiming: Ensorcelled Hibernation (safe; 2% risk of failure)
Press: ? - help, Shift-Dir - straight line, f/p - troll
Aim: a troll (chance to affect: 55%)
The troll looks drowsy...
The helpless troll fails to defend itself.
You bite the troll, and draw its blood! You impale the troll!!
The troll is severely wounded.
Casting: Ensorcelled Hibernation (safe; 2% risk of failure)
Confirm with . or Enter, or press ? or * to list all spells.
Your hands begin to glow red.
The troll bites you! The troll claws you!
The troll claws you but does no damage.
You hit the troll but do no damage.
The troll is severely wounded.
The troll barely misses you. The troll claws you!
* * * LOW HITPOINT WARNING * * *
The troll barely misses you.
You closely miss the troll.
The troll is heavily wounded.
The troll barely misses you. The troll claws you!
* * * LOW HITPOINT WARNING * * *
The troll barely misses you. The troll attacks as you move away!
The troll bites you.
You die...
Your body crumbles into a pile of gold.

##.. #... .# # #...## .#
.. #....# .## .#
..!#....##..# ..#
........##..##..# # ...#
#....##....... . ...
#...........# .##..
#....T@...### #...
#.........## #..
#......<...#####.####
#..............##.#..#
.....#................#
#...................#..##
##..................#...#
##...............#.....#
#...............#....##


You could see a troll.

Vanquished Creatures
  A necrophage (D:3)
  A bullfrog (D:3)
  A wight (D:4)
  A hound (D:4)
  Terence (D:3)
  Natasha (thrice) (D:3)
  8 adders
  An ufetubus (D:3)
  2 worms
  A dart slug (D:3)
  An orc (D:3)
  5 endoplasms
  3 giant cockroaches
  13 hobgoblins
  4 jackals (D:1)
  2 quokkas (D:1)
  9 ball pythons
  10 bats
  6 frilled lizards
  9 goblins
  2 kobolds
  4 rats (D:1)
88 creatures vanquished.

Vanquished Creatures (others)
  A dancing weapon (D:4)
1 creature vanquished.

Grand Total: 89 creatures vanquished

Notes
Turn   | Place    | Note
-------+----------+-------------------------------------------
     0 | D:1      | Aelig the Vampire Enchanter began the quest for the Orb.
     0 | D:1      | Reached XP level 1. HP: 13/13 MP: 3/3
    12 | D:1      | Noticed an ogre
    62 | D:1      | Reached skill level 5 in Hexes
   109 | D:1      | Reached XP level 2. HP: 19/19 MP: 5/5
   112 | D:1      | Learned a level 2 spell: Ensorcelled Hibernation
   474 | D:1      | Found a faded altar of an unknown god.
   489 | D:1      | Reached skill level 1 in Ice Magic
   625 | D:1      | Gained mutation: You are afflicted with vampirism and can
                  | become a bat while bloodless. [Vampire growth]
   625 | D:1      | Reached XP level 3. HP: 18/24 MP: 4/6
   707 | D:1      | Learned a level 3 spell: Confusing Touch
  1015 | D:2      | Reached skill level 6 in Hexes
  1279 | D:2      | Reached XP level 4. HP: 13/30 MP: 0/7
  2073 | D:3      | Noticed a bullfrog
  2077 | D:3      | Killed a bullfrog
  2078 | D:3      | Reached XP level 5. HP: 35/35 MP: 5/9
  2119 | D:3      | Noticed Natasha
  2167 | D:3      | Noticed Sigmund
  2304 | D:3      | Learned a level 3 spell: Tukima's Dance
  2341 | D:3      | Killed Natasha
  2423 | D:3      | Noticed Terence
  2437 | D:3      | Killed Terence
  2438 | D:3      | Reached skill level 7 in Hexes
  2570 | D:3      | Noticed Natasha
  2575 | D:3      | Killed Natasha
  2623 | D:3      | Found an opulent altar of Gozag.
  2626 | D:3      | Reached XP level 6. HP: 41/41 MP: 10/10
  2628 | D:3      | Became a worshipper of Gozag Ym Sagoz the Greedy
  2649 | D:3      | Noticed Natasha
  2656 | D:3      | Killed Natasha
  3094 | D:4      | Learned a level 3 spell: Dazzling Flash
  3270 | D:4      | Found a sacrificial altar of Ru.
  3437 | D:4      | You fall into a shaft and drop 2 floors!
  3467 | D:6      | Noticed a troll
  3477 | D:6      | HP: 1/33 [troll (7)]
  3478 | D:6      | Slain by a troll

Illustrated notes

Levels and vault maps discovered:
D:1:      evilmike_arrival_come_back, layout_loops_ring,
          hellmonk_ecumenical_altar_pennies_from_heaven,
          hangedman_abyss_or_decor_lesser_grid
D:2:      layout_loops_corners, chequers_serial_rivers_micro_b,
          kennysheep_pointless_box
D:3:      layout_rooms, marbit_many_paths, st_stairs_1, uniq_natasha,
          uniq_terence, uniq_sigmund
D:4:      layout_cave_pools, mainiacjoe_overflow_alcove_4,
          minmay_temple_entry_glass, palyth_stone_intersect, minivault_24,
          uniq_crazy_yiuf_cottage
D:6:      minmay_flawed_box, layout_cave_pools, nicolae_elyvilon_peaceful_grove,
          mainiacjoe_overflow_catwalk, serial_gnoll_camp, gnoll_camp_medium_01,
          gnoll_camp_mini_shop, gnoll_camp_mini_loothouse, gnoll_camp_mini_house

Skill      XL: |  1  2  3  4  5 |
---------------+----------------+-----
Hexes          | 5 6 7 |  7.7
Ice Magic      | 1 2 |  2.0
Short Blades   | 2 3 |  3.9
Spellcasting   | 3 |  3.6
Fighting       | |  0.5
Dodging        | |  2.1
Stealth        | |  4.4
Conjurations   | |  0.3

Action                   |  1- 3 |  4- 6 || total
-------------------------+-------+-------++-------
Melee: Dagger            |   112 |   127 ||   239
       Bite              |     9 |    19 ||    28
       Punch             |       |     3 ||     3
Throw: Stone             |       |     1 ||     1
 Cast: Ensorcelled Hiber |    12 |    23 ||    35
       Confusing Touch   |       |     4 ||     4
       Tukima's Dance    |       |     1 ||     1
 Abil: Exsanguinate      |       |     1 ||     1
  Use: Potion            |     1 |       ||     1
       Scroll            |       |     4 ||     4
 Stab: Sleeping          |    19 |    23 ||    42
       Confused          |       |     2 ||     2
Armor: Robe              |    18 |    25 ||    43
Dodge: Dodged            |    60 |    80 ||   140

Table legend: (Time is in decaauts)
 A = Elapsed time spent in this place.
 B = Non-inter-level travel time spent in this place.
 C = Inter-level travel time spent in this place.
 D = Time resting spent in this place.
 E = Time spent auto-exploring this place.
 F = Levels seen in this place.
 G = Mean time per level.
                   A        B        C        D        E       F      G
               +--------+--------+--------+--------+--------+-----+--------+
         Total |   3457 |   3294 |    163 |    477 |   1600 |   5 |  691.4 |
       Dungeon |   3457 |   3294 |    163 |    477 |   1600 |   5 |  691.4 |
               +--------+--------+--------+--------+--------+-----+--------+

Top non-repeatable levels by time:
     D:2: 1175 daAuts
     D:1: 952 daAuts
     D:3: 905 daAuts
     D:4: 383 daAuts
     D:6: 40 daAuts
